 Dungeon Crawl Stone Soup version 0.32-a0-837-g8d3e27d251 (webtiles) character file.

Game seed: 11724691340262581694

30 2Anon the Apothecary (level 3, -2/25 HPs)
             Began as a Gnoll Alchemist on Mar 26, 2024.
             Slain by a ribbon worm (7 damage)
             ... on level 2 of the Dungeon.
             The game lasted 00:04:04 (1647 turns).

2Anon the Apothecary (Gnoll Alchemist)              Turns: 1647, Time: 00:04:05

Health: -2/25      AC:  2    Str:  7    XL:     3   Next: 20%
Magic:  0/9        EV: 12    Int: 16    God:
Gold:   46         SH:  0    Dex: 12    Spells: 11/12 levels left

rFire   . . .        c - +1 flail (protect)
rCold   . . .        (no shield)
rNeg    . . .        a - +0 robe
rPois   .            (no helmet)
rElec   .            (no cloak)
rCorr   .            (no gloves)
SInv    .            (no boots)
Will    .....        (no amulet)
Stlth   ++           (no ring)
HPRegen 0.24/turn    (no ring)
MPRegen 0.11/turn

%: no passive effects
@: very slightly contaminated
A: fangs 1, strong nose, distributed training
a: no special abilities


You were on level 2 of the Dungeon.
You visited 1 branch of the dungeon, and saw 2 of its levels.

You collected 46 gold pieces.

Inventory:

Hand Weapons
 c - a +1 flail of protection (weapon)
Armour
 a - a +0 robe (worn)
Potions
 b - 2 potions of magic


   Skills:
 + Level 0.7 Fighting
 + Level 0.7 Short Blades
 + Level 0.7 Long Blades
 + Level 0.7 Axes
 + Level 0.7 Maces & Flails
 + Level 0.7 Polearms
 + Level 0.7 Staves
 + Level 0.7 Ranged Weapons
 + Level 0.7 Throwing
 + Level 0.7 Armour
 + Level 4.5 Dodging
 + Level 4.1 Stealth
 + Level 0.7 Shields
 + Level 0.7 Unarmed Combat
 + Level 5.0 Spellcasting
 + Level 2.1 Conjurations
 + Level 0.5 Hexes
 + Level 0.5 Summonings
 + Level 0.5 Necromancy
 + Level 0.5 Translocations
 + Level 0.5 Fire Magic
 + Level 0.5 Ice Magic
 + Level 0.5 Air Magic
 + Level 0.5 Earth Magic
 + Level 5.4 Alchemy
 + Level 0.9 Invocations
 + Level 0.7 Evocations
 + Level 0.6 Shapeshifting


You had 11 spell levels left.
You knew the following spells:

 Your Spells              Type           Power      Damage    Failure   Level
z - Sting                 Conj/Alch      64%        1d7       3%          1

Your spell library contained the following spells:

 Spells                   Type           Power      Damage    Failure   Level
 Mercury Vapours          Alch/Air       26%        N/A       7%          2
 Mephitic Cloud           Conj/Alch/Air  12%        N/A       16%         3
 Olgreb's Toxic Radiance  Alch           21%        N/A       16%         4
 Sticky Flame             Fire/Alch      13%        2d5       41%         4


Dungeon Overview and Level Annotations

Branches:
Dungeon (2/15) Zot: 10352

Altars:


Innate Abilities, Weirdness & Mutations

You have very sharp teeth.
Your uncanny sense of smell can sniff out nearby items.
Your experience applies equally to all skills.


Message History

The stream of webbing hits you but does no damage.
You are even more entangled.
The frilled lizard bites you but does no damage.
Your Spellcasting skill increases to level 5!
You have reached level 3!
Your experience leads to an increase in your attributes!
Increase (S)trength, (I)ntelligence, or (D)exterity?
You feel clever. x2
Casting: Sting (safe; 3% risk of failure)
Confirm with . or Enter, or press ? or * to list all spells.
Aiming: Sting (safe; 3% risk of failure)
Press: ? - help, Shift-Dir - straight line, f - ribbon worm
Aim: a ribbon worm (91% to hit)
You miscast Sting.
You are very lightly contaminated with residual magic.
Nothing appears to happen.
The ribbon worm expels a string of sticky webbing.
The stream of webbing hits you but does no damage.
You are even more entangled.
The frilled lizard bites you.
* * * LOW HITPOINT WARNING * * *
You take 2 damage, and have 4/25 hp.
Casting: Sting (safe; 3% risk of failure)
Confirm with . or Enter, or press ? or * to list all spells.
Aiming: Sting (safe; 3% risk of failure)
Press: ? - help, Shift-Dir - straight line, f/p - ribbon worm
Aim: a ribbon worm (91% to hit)
The sting hits the ribbon worm.
The ribbon worm is poisoned.
The ribbon worm is lightly wounded.
The frilled lizard barely misses you.
The ribbon worm expels a string of sticky webbing.
The stream of webbing hits you but does no damage.
You are even more entangled.
Casting: Sting (safe; 3% risk of failure)
Confirm with . or Enter, or press ? or * to list all spells.
You don't have enough magic to cast this spell.
Unknown command.
The web tears apart.
The ball python hisses angrily.
The frilled lizard closely misses you. The ribbon worm bites you!
You die...

####### ....$..
#..S........#
#...........#####
########................
........................
..............####......
.....K.@ww.........#....
........l.[.............
........................
........................
####+##.................
#.......####.#...#
#.......# #.#.###
#.......# #.#..
#<....†.# #.####


You could see a ribbon worm (poisoned), a dart slug, a ball python, a kobold and
a frilled lizard.

Vanquished Creatures
  2 adders (D:2)
  4 endoplasms
  3 hobgoblins
  3 ball pythons
  A kobold (D:1)
13 creatures vanquished.

Notes
Turn   | Place    | Note
-------+----------+-------------------------------------------
     0 | D:1      | 2Anon the Gnoll Alchemist began the quest for the Orb.
     0 | D:1      | Reached XP level 1. HP: 13/13 MP: 6/6
   618 | D:1      | Reached XP level 2. HP: 19/19 MP: 1/7
  1645 | D:2      | Reached skill level 5 in Spellcasting
  1645 | D:2      | Reached XP level 3. HP: 6/25 MP: 2/9
  1647 | D:2      | Slain by a ribbon worm

Illustrated notes

Levels and vault maps discovered:
D:1:      saegor_arrival_simple_d, layout_rooms, minivault_24
D:2:      layout_basic, minmay_pentomino_w4

Skill      XL: |  1  2 |
---------------+-------+-----
Conjurations   | 2 |  2.1
Spellcasting   | 5 |  5.0
Fighting       | |  0.7
Short Blades   | |  0.7
Long Blades    | |  0.7
Axes           | |  0.7
Maces & Flails | |  0.7
Polearms       | |  0.7
Staves         | |  0.7
Ranged Weapons | |  0.7
Throwing       | |  0.7
Armour         | |  0.7
Dodging        | |  4.5
Stealth        | |  4.1
Shields        | |  0.7
Unarmed Combat | |  0.7
Hexes          | |  0.5
Summonings     | |  0.5
Necromancy     | |  0.5
Translocations | |  0.5
Fire Magic     | |  0.5
Ice Magic      | |  0.5
Air Magic      | |  0.5
Earth Magic    | |  0.5
Alchemy        | |  5.4
Invocations    | |  0.9
Evocations     | |  0.7
Shapeshifting  | |  0.6

Action                     || total
---------------------------++-------
   Cast: Sting             ||    30
    Use: Scroll            ||     4
 Armour: Robe              ||    20
  Dodge: Dodged            ||    24

Table legend: (Time is in decaauts)
 A = Elapsed time spent in this place.
 B = Non-inter-level travel time spent in this place.
 C = Inter-level travel time spent in this place.
 D = Time resting spent in this place.
 E = Time spent auto-exploring this place.
 F = Levels seen in this place.
 G = Mean time per level.
                   A        B        C        D        E       F      G
               +--------+--------+--------+--------+--------+-----+--------+
         Total |   1646 |   1646 |      0 |   1079 |    193 |   2 |  823.0 |
       Dungeon |   1646 |   1646 |      0 |   1079 |    193 |   2 |  823.0 |
               +--------+--------+--------+--------+--------+-----+--------+

Top non-repeatable levels by time:
     D:1: 1067 daAuts
     D:2: 579 daAuts
